 Dungeon Crawl Stone Soup version 0.24.1-14-gf8d2b509d9 (webtiles) character file.

Game seed: 8867558095956957375, levelgen mode: deterministic

25778 LLlMATKO the Fighter (level 12, -3/113 HPs)
             Began as a Minotaur Berserker on May 25, 2020.
             Was a High Priest of Trog.
             Killed from afar by a wizard (49 damage)
             ... with a crystal spear
             ... on level 13 of the Dungeon.
             The game lasted 00:27:10 (18382 turns).

LLlMATKO the Fighter (Minotaur Berserker)          Turns: 18382, Time: 00:27:11

Health: -3/113     AC: 18    Str: 23    XL:     12   Next: 92%
Magic:  4/4        EV: 16    Int:  4    God:    Trog [*****.]
Gold:   979        SH:  0    Dex: 20    Spells: 11/11 levels left

rFire    . . .     SeeInvis .   K - +2 great mace (antimagic)
rCold    . . .     Gourm    +   (shield currently unavailable)
rNeg     . . .     Faith    .   y - +0 chain mail
rPois    .         Spirit   .   q - +1 hat
rElec    .         Reflect  .   (no cloak)
rCorr    .         Harm     .   l - +1 pair of gloves {Dex+3}
MR       .....                  (no boots)
Stlth    ..........             n - amulet of the gourmand
HPRegen  0.28/turn              d - +3 ring of dexterity
MPRegen  0.09/turn              k - +2 ring of protection

@: no status effects
A: retaliatory headbutt, horns 2
a: Berserk, Trog's Hand, Brothers in Arms, Renounce Religion


You were on level 13 of the Dungeon.
You worshipped Trog.
Trog was extremely pleased with you.
You were completely stuffed.

You visited 1 branch of the dungeon, and saw 14 of its levels.
You also visited: Sewer and Bailey.

You collected 979 gold pieces.

Inventory:

Hand Weapons
 A - a +5 flail of freezing
 K - a +2 antimagic great mace (weapon)
 R - a +2 arbalest of flaming
Missiles
 b - 28 boomerangs (quivered)
 v - 35 poisoned darts
 B - 45 bolts
 C - 3 datura-tipped darts
Armour
 l - a +1 pair of gloves of dexterity (worn)
 q - a +1 hat (worn)
 y - a +0 chain mail (worn)
Jewellery
 a - an uncursed ring of fire
 d - a +3 ring of dexterity (left hand)
 e - an uncursed ring of fire
 k - a +2 ring of protection (right hand)
 n - an amulet of the gourmand (around neck)
 r - an uncursed ring of resist corrosion
 w - an uncursed ring of fire
 J - an uncursed ring of fire
Wands
 p - a wand of iceblast (23)
 D - a wand of disintegration (19)
 F - a wand of paralysis (13)
 L - a wand of polymorph (8)
 N - a wand of flame (23)
 P - a wand of scattershot (5)
Scrolls
 j - 9 scrolls of identify
 s - 8 scrolls of remove curse
 u - 7 scrolls of teleportation
 E - 3 scrolls of magic mapping
 M - 2 scrolls of fear
 O - 3 scrolls of enchant weapon
 Q - a scroll of blinking
Potions
 f - 5 potions of flight {unknown}
 g - 5 potions of curing
 h - 2 potions of heal wounds {unknown}
 i - 3 potions of might {unknown}
 m - a potion of cancellation {unknown}
 o - 2 potions of ambrosia {unknown}
 t - 4 potions of haste {unknown}
 x - a potion of degeneration {unknown}
 z - 2 potions of berserk rage {unknown}
 G - 3 potions of agility {unknown}
 I - a potion of resistance
Comestibles
 c - 33 rations


   Skills:
 + Level 12.7 Fighting
 + Level 12.7 Maces & Flails
 + Level 4.3 Crossbows
 + Level 12.5 Armour
 + Level 11.6 Dodging
 - Level 5.0 Evocations


You had 11 spell levels left.
You didn't know any spells.
Your spell library was empty.

Dungeon Overview and Level Annotations

Branches:
Dungeon (14/15)            Temple (0/1) D:7            Lair (0/6) D:10
    Orc (0/2) D:10          Sewer (visited)          Bailey (visited)
 Vaults: D:13-14

Altars:
Dithmenos
Nemelex Xobeh

Shops:
D:7 ?   D:13 }


Innate Abilities, Weirdness & Mutations

You reflexively headbutt those who attack you in melee.
You have a pair of horns on your head.


Message History

Trog accepts your kill.
The centaur shoots an arrow.
The arrow closely misses you.
The centaur shoots an arrow.
The arrow completely misses you.
Things that are here:
3 arrows; 11 gold pieces
There is a stone staircase leading up, spattered with blood here.
You see here 12 arrows.
The wizard casts a spell at you. The crystal spear hits you!!!
You climb upwards.
There is a stone staircase leading down here.
Unknown command.
You are too injured to fight recklessly!
You are too injured to fight recklessly!
You sock the wizard!
The wizard's magic leaks into the air.
You headbutt the wizard, but do no damage.
The wizard is heavily wounded.
The wizard gestures at you while chanting.
The crystal spear hits you!!!
You die...

#.##...#..#.................#
#.##...#..#............#####.
#.##...#..##'###########...#.
#......#..#......##........#.
#......#..'......##...######.
#....(.#####.....##...#......
#..........#.....##...#.##...
#..........########...#......
#..........p@.....#...#......
#.#.........[(....#...#......
#.........(.......#.))#......
#......##+#(......#..)#......
#......#..#.#.....#...'......
#......#..#.......#...#.....#
#......#..######'##'###.....#
#......#.........#..........#
#......#..##.....'......#...#


You could see a wizard.

Vanquished Creatures
  Jorgrun (D:13)
  2 hydras (D:12)
  2 centaur warriors (D:13)
  Erica (D:8)
  2 two-headed ogres (D:11)
  A deep troll (D:11)
  2 unseen horrors (D:10)
  4 ugly things
  2 orc knights (Bailey)
  A manticore (D:7)
  A cyclops (D:11)
  A centaur zombie (D:12)
  3 gargoyles
  A komodo dragon (D:12)
  An efreet (D:13)
  Prince Ribbit (D:5)
  A hornet (D:11)
  3 trolls
  2 hippogriffs
  A centaur simulacrum (D:14)
  A wyvern (D:13)
  20 yaks
  2 wraiths
  2 hungry ghosts
  A warg (D:10)
  A sky beast (D:7)
  8 orc warriors
  2 ice beasts
  2 black bears
  A hornet zombie (D:8)
  5 ogres
  2 phantoms (D:4)
  15 centaurs
  2 big kobolds
  6 bullfrogs
  A wyvern skeleton (D:9)
  3 scorpions
  10 killer bees
  6 wights
  4 howler monkeys
  6 crimson imps
  3 bullfrog skeletons
  A gnoll shaman (D:4)
  7 iguanas
  9 orc priests
  3 centaur skeletons
  6 hounds
  2 jellies
  16 orc wizards
  Jessica (D:2)
  Natasha (thrice) (D:2)
  9 worker ants
  A killer bee zombie (D:10)
  2 hound skeletons
  2 worker ant zombies (D:10)
  11 gnolls
  13 adders
  2 shadow imps
  2 oozes
  3 adder skeletons
  4 worms
  4 dart slugs
  6 leopard geckos
  84 orcs
  7 ball pythons
  10 bats
  5 giant cockroaches
  10 goblins
  10 hobgoblins
  19 jackals
  8 quokkas
  10 frilled lizards
  9 kobolds
  A quokka skeleton (D:5)
  12 rats
428 creatures vanquished.

Vanquished Creatures (others)
  A centaur zombie (D:14)
  An orc wizard (D:10)
2 creatures vanquished.

Grand Total: 430 creatures vanquished

Notes
Turn   | Place    | Note
-------+----------+-------------------------------------------
     0 | D:1      | LLlMATKO the Minotaur Berserker began the quest for the
                  | Orb.
     0 | D:1      | Reached XP level 1. HP: 19/19 MP: 0/0
   110 | D:1      | Reached XP level 2. HP: 27/27 MP: 1/1
   626 | D:1      | Reached XP level 3. HP: 29/33 MP: 2/2
   636 | D:1      | Reached ** piety under Trog
  1598 | D:2      | Reached XP level 4. HP: 33/40 MP: 3/3
  1806 | D:2      | Found a faded altar of an unknown god.
  2068 | D:2      | Noticed Jessica
  2080 | D:2      | Killed Jessica
  2083 | D:2      | Reached XP level 5. HP: 47/47 MP: 4/4
  2088 | D:2      | Reached *** piety under Trog
  2569 | D:2      | Noticed Natasha
  2571 | D:2      | Killed Natasha
  2687 | D:2      | Noticed Natasha
  2693 | D:2      | Killed Natasha
  2728 | D:2      | Noticed Natasha
  2739 | D:2      | Killed Natasha
  2739 | D:2      | Reached skill level 5 in Fighting
  3017 | D:2      | Found a faded altar of an unknown god.
  3501 | D:3      | Found a glowing drain.
  3503 | D:3      | Reached skill level 5 in Maces & Flails
  3512 | Sewer    | Entered a sewer
  3603 | Sewer    | Reached XP level 6. HP: 43/56 MP: 5/5
  3695 | Sewer    | Found a white marble altar of Elyvilon.
  3762 | D:3      | Found a sparkling altar of Nemelex Xobeh.
  4419 | D:3      | Reached **** piety under Trog
  4631 | D:4      | Reached skill level 5 in Armour
  4692 | D:4      | Reached XP level 7. HP: 61/62 MP: 6/6
  5096 | D:4      | Received a gift from Trog
  5164 | D:4      | Reached skill level 5 in Dodging
  5385 | D:5      | Entered Level 5 of the Dungeon
  5955 | D:5      | Noticed Prince Ribbit
  5974 | D:5      | Killed Prince Ribbit
  5974 | D:5      | Reached XP level 8. HP: 49/71 MP: 7/7
  6773 | D:6      | Reached ***** piety under Trog
  7351 | D:7      | Found a staircase to the Ecumenical Temple.
  7825 | D:7      | Noticed a manticore
  7831 | D:7      | Killed a manticore
  7831 | D:7      | Reached XP level 9. HP: 81/81 MP: 8/8
  7997 | D:7      | Found Jirehisy's Magic Scroll Boutique.
  8655 | D:8      | Noticed Erica
  8675 | D:8      | Killed Erica
  8675 | D:8      | Reached skill level 1 in Evocations
  9452 | D:8      | Received a gift from Trog
  9459 | D:8      | Reached XP level 10. HP: 77/91 MP: 10/10
 10584 | D:10     | Entered Level 10 of the Dungeon
 10618 | D:10     | Found a flagged portal.
 10806 | Bailey   | Entered a bailey
 10950 | Bailey   | Noticed an orc knight
 11043 | Bailey   | Noticed an orc knight
 11059 | Bailey   | Killed an orc knight
 11059 | Bailey   | Reached skill level 10 in Maces & Flails
 11063 | Bailey   | Reached skill level 10 in Fighting
 11346 | Bailey   | Killed an orc knight
 11677 | D:10     | Killed an unseen horror
 11677 | D:10     | Reached skill level 10 in Armour
 11733 | D:10     | Reached XP level 11. HP: 79/101 MP: 4/13
 11740 | D:10     | Received a gift from Trog
 11965 | D:10     | Found a staircase to the Orcish Mines.
 11966 | D:10     | Found a shadowy altar of Dithmenos.
 12116 | D:10     | Killed an unseen horror
 12440 | D:10     | Found a staircase to the Lair.
 12638 | D:11     | Noticed a two-headed ogre
 12640 | D:11     | Noticed a deep troll
 12640 | D:11     | a two-headed ogre changed into a deep troll
 12646 | D:11     | Killed a deep troll
 13224 | D:11     | Noticed a purple ugly thing
 13237 | D:11     | Killed a purple ugly thing
 13237 | D:11     | Reached skill level 5 in Evocations
 13407 | D:11     | Noticed a cyan ugly thing
 13414 | D:11     | Killed a cyan ugly thing
 13414 | D:11     | Reached skill level 10 in Dodging
 14002 | D:11     | Noticed a two-headed ogre
 14010 | D:11     | Killed a two-headed ogre
 14155 | D:11     | Noticed a cyan ugly thing
 14163 | D:11     | Killed a cyan ugly thing
 14554 | D:12     | Noticed a two-headed ogre
 14561 | D:11     | Killed a two-headed ogre
 14818 | D:12     | Noticed an eight-headed hydra
 14837 | D:12     | Killed an eight-headed hydra
 14837 | D:12     | Reached XP level 12. HP: 101/110 MP: 5/14
 14847 | D:12     | Received a gift from Trog
 15402 | D:12     | Reached skill level 1 in Crossbows
 15403 | D:12     | Noticed an eight-headed hydra
 15411 | D:12     | Killed an eight-headed hydra
 16386 | D:13     | Found Tyz Bekh's Gadget Shoppe.
 16695 | D:13     | Noticed a centaur warrior
 16701 | D:13     | Killed a centaur warrior
 17213 | D:13     | Noticed Jorgrun
 17245 | D:13     | Killed Jorgrun
 17528 | D:13     | Noticed a centaur warrior
 17542 | D:13     | Killed a centaur warrior
 17868 | D:13     | Received a gift from Trog
 18382 | D:13     | Killed from afar by a wizard

Levels and vault maps discovered:
D:1:      sevenhm_arrival_forest_fort_large_1, layout_basic,
          minmay_misc_feat_plants, lemuel_another_geyser
D:2:      layout_loops_ring, first_ration, chequers_ecumenical_altar_island,
          uniq_jessica, uniq_natasha
D:3:      layout_loops_cross, nemelex_xobeh_ov_fountains_minmay,
          portal_sewer_entry_d, minmay_misc_feat_room, hangedman_decor_growths,
          chequers_serial_rivers_marsh, minmay_shallow_snake_nest
D:4:      layout_basic
D:5:      layout_basic, chequers_decorated_corner, uniq_prince_ribbit1
D:6:      layout_basic
D:7:      layout_loops_ring, minmay_temple_entry_overgrown, serial_shops,
          nicolae_shop_window_shopping, kennysheep_generic_room_10
D:8:      layout_layer_cave, uniq_erica
D:9:      layout_roguey
D:10:     layout_rooms, lair_entry_dummy, david_orc_3,
          lightli_bailey_entry_fortress, basic_altar, serial_curves,
          eino_curves_03, eino_curves_03, blue_anna_alchemist
          [blue_anna_fruit_fields, blue_anna_fruit_fields]
D:11:     layout_stronghold
D:12:     layout_rooms
D:13:     layout_stronghold, serial_shops, shop, uniq_jorgrun
D:14:     layout_basic, lightli_vaults_fourway_checkpoint,
          roderic_lattice_octagonal_star

Skill      XL: |  1  2  3  4  5  6  7  8  9 10 11 12 |
---------------+-------------------------------------+-----
Maces & Flails | 4 5 6 8 9 10 11 12 | 12.7
Fighting       | 4 5 6 8 9 10 11 12 | 12.7
Armour         | 3 4 5 6 7 8 10 11 12 | 12.5
Dodging        | 3 4 5 7 8 9 10 11 | 11.6
Evocations     | 1 4 5 |  5.0
Crossbows      | 4 |  4.3

Action                   |  1- 3 |  4- 6 |  7- 9 | 10-12 || total
-------------------------+-------+-------+-------+-------++-------
Melee: Mace              |    83 |    45 |       |       ||   128
       Headbutt          |     8 |    17 |    55 |    98 ||   178
       Club              |       |   109 |    81 |       ||   190
       Morningstar       |       |       |   146 |     3 ||   149
       Great mace        |       |       |       |   329 ||   329
       Spear             |       |       |       |    76 ||    76
       Flail             |       |       |       |    50 ||    50
 Fire: Arbalest          |       |       |       |   107 ||   107
Throw: Dart              |       |       |     9 |       ||     9
       Boomerang         |       |       |     4 |    46 ||    50
Invok: Berserk           |     1 |     3 |     7 |     5 ||    16
Evoke: Wand              |       |       |       |     1 ||     1
  Use: Scroll            |       |     3 |     6 |     8 ||    17
 Stab: Sleeping          |       |     2 |       |       ||     2
  Eat: Chunk             |     3 |    10 |    43 |    33 ||    89
       Ration            |       |     1 |       |       ||     1
Armor: Animal skin       |    23 |    18 |       |       ||    41
       Chain mail        |       |     6 |   118 |   253 ||   377
       Ring mail         |       |     2 |       |       ||     2
Dodge: Dodged            |    68 |   111 |   143 |   421 ||   743
